Unix NetHack Version 5.0.0-0 post-release - last build May 31 2026 23:59:36 (970b52f25bf058293b47ddfd14a1e40e571c508c,branch:main).

Game began 2026-06-01 03:27:49, ended 2026-06-01 03:45:06.

Eesui, lawful male dwarven Caveman

          ------
     ---  |....|
    --.-- |....--
    |...---.....|
    |.<.........|
    |...........|
    --.-.......--
     |..|......|
   ----.|......|
  --..| |-.....|
  |.....|.....--
   -.........--
   --. |...---
    -- --..|
        |..|           |
        |.--------  ....
       --..o...@q......-
       |..--------  .......|
       |..|            -----
       ----
Eesui the Aborigine      St:18/03 Dx:16 Co:12 In:10 Wi:10 Ch:8  Lawful
Dlvl:5  $:158 HP:0(36) Pw:8(8) AC:7  Xp:4/112 T:2339  Burdened

Latest messages:
 You have a little trouble lifting L - a yellow gem.
 You see here a blue gem.
 A bear trap closes on your foot!
 You have a little trouble lifting M - a blue gem.
 You are caught in a bear trap.
 You are caught in a bear trap.
 You are caught in a bear trap.
 You are caught in a bear trap.
 You finally wriggle free.
 You swap places with the peaceful gnome.
 Your leg feels better.
 Where do you want to travel to?
 (For instructions type a '?')
 You hear crashing rock.
 You hear crashing rock.
 You fall down the stairs.
 You feel agile!
 You must have been working on your reflexes.
 You are beginning to feel hungry.
 What do you want to eat? [kDH or ?*] ?
 My, this is a yummy slime mold!
 The Uruk-hai shoots 2 poisoned crude arrows!
 You are hit by the 1st poisoned crude arrow.
 You are hit by the 2nd poisoned crude arrow.
 Pick a monster, object or location.
 q        a quadruped (rothe) [seen: normal vision, infravision]
 b - a blessed +2 sling (weapon in right hand).
 a - a +1 club (alternate weapon; not wielded).
 In what direction? h
 The flint stone hits the Uruk-hai.
 The rothe hits!
 The rothe bites!
 The rothe bites again!
 The goblin throws a crude dagger!
 The crude dagger hits the Uruk-hai.
 The rothe hits!
 The rothe bites!
 The rothe misses!
 a - a +1 club (weapon in right hand).
 b - a blessed +2 sling (alternate weapon; not wielded).
 The rothe hits!
 The rothe bites!
 The rothe bites again!
 You miss the rothe.
 The rothe hits!
 The rothe bites!
 The rothe bites again!
 You die...
 Do you want your possessions identified? [ynq] (y) y
 Do you want to see your attributes? [ynq] (y) q

Inventory:
 Coins    ('$')
  $ - 158 gold pieces
 Weapons  (')')
  t - a +0 orcish bow
  b - a blessed +2 sling (alternate weapon; not wielded)
  o - 5 +0 daggers
  a - a +1 club (weapon in right hand)
  C - a cursed +0 silver saber
 Armor    ('[')
  s - an uncursed +0 shield of drain resistance (being worn)
  e - an uncursed +0 leather armor (being worn)
 Comestibles  ('%')
  D - an uncursed eucalyptus leaf
  k - 2 uncursed food rations
 Scrolls  ('?')
  m - an uncursed scroll of create monster
  x - an uncursed scroll of identify
  G - an uncursed scroll of punishment
 Potions  ('!')
  h - an uncursed potion of hallucination
  n - an uncursed potion of speed
 Rings    ('=')
  F - an uncursed ring of free action
 Tools    ('(')
  A - a cursed brass lantern
  u - an uncursed mirror
  E - an uncursed towel
 Gems/Stones  ('*')
  L - an uncursed citrine stone
  M - an uncursed worthless piece of blue glass
  K - an uncursed worthless piece of green glass
  B - 3 uncursed worthless pieces of orange glass
  z - an uncursed worthless piece of red glass
  J - an uncursed worthless piece of violet glass
  c - 12 uncursed flint stones (in quiver pouch)
  d - 27 uncursed rocks

Eesui the Caveman's attributes:

Background:
 You were an Aborigine, a level 4 dwarven Caveman.
 You were lawful, on a mission for Anu
 who was opposed by Ishtar (neutral) and Anshar (chaotic).
 You were right-handed.
 You were in the Gnomish Mines, on level 5.
 You entered the dungeon 2339 turns ago.
 It was nighttime.
 There was a full moon in effect when your adventure ended.
 You had 112 experience points, 48 more were needed to attain level 5.

Basics:
 You had 0 out of 36 hit points.
 You had all 8 energy points (spell power).
 Your armor class was 7.
 Your wallet contained 158 zorkmids.
 Autopickup was on for '$?!/=+"' plus thrown.

Final Characteristics:
 Your strength was 18/03 (limit:18/100).
 Your dexterity was 16 (limit:20).
 Your constitution was 12 (limit:20).
 Your intelligence was 10 (limit:16).
 Your wisdom was 10 (limit:16).
 Your charisma was 8 (limit:16).

Final Status:
 You weren't hungry.
 You were burdened; movement was slightly slowed.
 You were wielding a club.
 You had basic skill with club.

Final Attributes:
 You were piously aligned.
 You were level-drain resistant.
 You had infravision.
 You were warded.
 You were lucky.
 You are dead.

Miscellaneous:
 You encountered 1 bones level.
 Total elapsed playing time was 14 minutes and 37 seconds.

Major events:
 Turn
    1: Eesui the lawful dwarven Caveman entered the dungeon
  376: entered the Gnomish Mines
  965: attained the rank of Aborigine (level 3)
 2155: reached Mine Town
 2339: killed by a rothe

You didn't know any spells.

Skills:
 Fighting Skills
   bare handed combat [Basic]
 Weapon Skills
   dagger             [Unskilled]
   knife              [Unskilled]
   axe                [Unskilled]
   pick-axe           [Unskilled]
   club               [Basic]
   mace               [Unskilled]
   morning star       [Unskilled]
   flail              [Unskilled]
   hammer             [Unskilled]
   quarterstaff       [Unskilled]
   polearms           [Unskilled]
   spear              [Unskilled]
   trident            [Unskilled]
   bow                [Unskilled]
   sling              [Basic]
   boomerang          [Unskilled]
   unicorn horn       [Unskilled]
 Spellcasting Skills
   attack spells      [Unskilled]
   matter spells      [Unskilled]

Voluntary challenges:
 Character rerolling was not enabled.
 You were illiterate.
 You never genocided any monsters.
 You never polymorphed an object.
 You never changed form.
 You used no wishes.
Achievements:
 You entered the Gnomish Mines.
 You entered a shop.
 You attained the rank of Aborigine.
 You entered Minetown.

 The Dungeons of Doom: levels 1 to 5
    Level 1:
    Level 2:
       A fountain.
       Stairs down to The Gnomish Mines.
    Level 3:
       A general store.
    Level 4:
       An altar.
    Level 5:
 The Gnomish Mines: levels 3 to 5
    Level 3:
    Level 4:
    Level 5: <- You were here.
       Final resting place for
          you, killed by a rothe,
          shaneros-Wiz-Gno-Mal-Neu, killed by an Uruk-hai.


Vanquished creatures:
  a kobold leader
  a wererat
  3 iguanas
  2 acid blobs
  2 coyotes
  a giant rat
  a cave spider
  a red mold
  7 gnomes
  3 geckos
  3 jackals
  3 kobolds
  3 goblins
  a sewer rat
  2 grid bugs
  3 bats
  2 lichens
  9 newts
48 creatures vanquished.

No species were genocided or became extinct.

Game over:
                       ----------
                      /          \
                     /    REST    \
                    /      IN      \
                   /     PEACE      \
                  /                  \
                  |      Eesui       |
                  |      158 Au      |
                  |   killed by a    |
                  |      rothe       |
                  |                  |
                  |                  |
                  |       2026       |
                 *|     *  *  *      | *
        _________)/\\_//(\/(/\)/\//\/|_)_______

Goodbye Eesui the Caveman...

You died in The Gnomish Mines on dungeon level 5 with 791 points,
and 158 pieces of gold, after 2339 moves.
You were level 4 with a maximum of 36 hit points when you died.

